AoeStats
← Embege

Coastal Forest

510582303Analyzed
4v4 RM · 14h ago on Oct 1, 2026· 41m 9s· 8 players
Game mode
Random Map
Map size
Large (8 player)
Population
200
Speed
Normal
Resources
Standard
Victory
Conquest
Starting age
Dark Age
Ending age
Imperial Age
RankedLock teamsTeams togetherTeam positionsShared explorationLock speedFull tech treeHidden civsTurbo modeCheats
Victory
Defeat
🇺🇸 Dravidians · United States
1463
+16
🇩🇪 Italians · Germany
1427
+17
🇮🇩 Hindustanis · Indonesia
1400
+18
🇨🇿 Cumans · Czechia
1379
+19
🇪🇸 Burmese · Spain
1461
-18
🇪🇸 Persians · Spain
1450
-18
🇪🇸 Mapuche · Spain
1445
-17
🇪🇸 Goths · Spain
1443
-17
JuraRox
7:58 Loom
10:36 Feudal Age
14:49 Castle Age
13:51 Double-Bit Axe
14:06 Gold Mining
15:09 Fletching
15:19 Padded Archer Armor
15:01 Crossbowman
15:44 Bodkin Arrow
24:03 Padded Archer Armor
27:09 Ballistics
32:44 Horse Collar
33:17 Bow Saw
33:45 Wheelbarrow
34:25 Heavy Plow
35:21 Hand Cart
40:33 Imperial Age
37:49 Town Watch
39:57 Thumb Ring
39:56 Caravan
39:54 Stone Mining
41:04 Arbalester
42:04 Leather Archer Armor
maniak
10:44 Feudal Age
11:11 Double-Bit Axe
11:21 Horse Collar
11:37 Loom
20:42 Castle Age
19:03 Bloodlines
19:13 Scale Barding Armor
19:04 Gold Mining
20:49 Forging
22:23 Chain Barding Armor
23:48 Wheelbarrow
26:00 Heavy Plow
26:39 Iron Casting
31:56 Imperial Age
29:47 Fletching
29:41 Light Cavalry
31:02 Bow Saw
32:44 Ballistics
32:21 Murder Holes
32:24 Bodkin Arrow
32:47 Hand Cart
32:06 Elite Steppe Lancer
33:25 Plate Barding Armor
32:51 Scale Mail Armor
34:38 Stone Mining
35:26 Conscription
35:10 Steppe Husbandry
35:05 Onager
37:10 Blast Furnace
36:46 Town Watch
36:47 Hussar
38:17 Gold Shaft Mining
38:51 Chemistry
38:02 Masonry
39:04 Hoardings
40:36 Heated Shot
40:48 Town Patrol
hoffypianoman
10:33 Feudal Age
9:02 Loom
12:01 Double-Bit Axe
15:19 Castle Age
13:23 Fletching
14:01 Horse Collar
16:04 Bodkin Arrow
16:59 Bow Saw
16:51 Town Watch
17:22 Padded Archer Armor
26:51 Wheelbarrow
26:43 Heavy Plow
30:10 Leather Archer Armor
29:50 Gold Mining
32:04 Hand Cart
34:42 Imperial Age
33:00 Ballistics
33:01 Thumb Ring
34:56 Elite Elephant Archer
35:37 Bracer
37:05 Chemistry
37:25 Siege Elephant
39:55 Pikeman
40:38 Scale Mail Armor
40:48 Forging
Embege
6:27 Loom
9:30 Feudal Age
10:33 Double-Bit Axe
13:08 Fletching
22:18 Horse Collar
24:05 Gold Mining
29:17 Castle Age
27:38 Stone Mining
30:29 Bow Saw
30:56 Wheelbarrow
30:58 Gold Shaft Mining
31:00 Stone Shaft Mining
30:36 Heavy Plow
39:22 Imperial Age
37:02 Scale Barding Armor
37:07 Forging
38:10 Murder Holes
38:28 Fortified Wall
38:43 Chain Barding Armor
39:17 Iron Casting
40:01 Hand Cart
39:29 Heavy Camel Rider
40:21 Bloodlines
40:12 Husbandry
[Kachop] Baryuan
9:34 Feudal Age
10:05 Double-Bit Axe
11:59 Forging
20:15 Scale Barding Armor
20:53 Horse Collar
27:20 Castle Age
26:16 Bloodlines
26:16 Loom
30:06 Castle Age
31:25 Chain Barding Armor
30:27 Light Cavalry
31:57 Husbandry
33:15 Gold Mining
[Kachop]Indi_monsterr
4:45 Loom
10:06 Feudal Age
15:32 Fletching
19:59 Padded Archer Armor
25:51 Castle Age
25:52 Crossbowman
26:29 Bodkin Arrow
29:48 Wheelbarrow
30:48 Ballistics
37:43 Hand Cart
elgrantato
8:28 Loom
10:58 Feudal Age
14:35 Castle Age
12:38 Double-Bit Axe
14:37 Fletching
15:38 Bodkin Arrow
18:35 Bow Saw
22:36 Horse Collar
23:58 Sanctity
27:18 Wheelbarrow
31:01 Gold Mining
33:00 Hand Cart
32:30 Town Watch
34:12 Padded Archer Armor
38:13 Imperial Age
36:06 Leather Archer Armor
38:09 Malon
37:34 Elite Skirmisher
38:16 Elite Bolas Rider
39:00 Heavy Plow
39:46 Ring Archer Armor
39:40 Conscription
39:29 Butalmapu
Caesar_Augusto
7:50 Loom
10:02 Feudal Age
10:23 Double-Bit Axe
13:06 Fletching
15:49 Fishing Lines
21:25 Castle Age
22:10 Wheelbarrow
21:36 Gold Mining
22:04 Bodkin Arrow
23:16 Town Watch
23:50 Medium Warships
25:06 Stone Mining
26:08 Hand Cart
27:02 Gillnets
27:49 Horse Collar
29:01 Scale Barding Armor
29:06 Forging
33:05 Imperial Age
31:23 Chain Barding Armor
31:38 Iron Casting
31:48 Heavy Plow
32:59 Iron Casting
33:05 Bloodlines
32:55 Husbandry
32:44 Cavalier
34:38 Plate Barding Armor
37:11 Chemistry
36:13 Savar
39:03 Blast Furnace
38:55 Conscription
Connection lost

Rejoining the realm…

Still unreachable

The connection could not be restored.

Session expired

The server has moved on; the page needs a fresh start.